 Dungeon Crawl Stone Soup version 0.17-a0-941-g450667a (webtiles) character file.

2 Sixotanaka the Scratcher (level 1, 0/9 HPs)
             Began as a Felid Transmuter on May 5, 2015.
             Slain by a jackal (3 damage)
             ... on level 1 of the Dungeon.
             The game lasted 00:00:26 (45 turns).

Sixotanaka the Scratcher (Felid Transmuter)           Turns: 45, Time: 00:00:26

Health: 0/9        AC:  1    Str:  6    XL:     1   Next: 25%
Magic:  3/4        EV: 18    Int: 14    God:
Gold:   0          SH:  0    Dex: 16    Spells: 1 memorised, 3 levels left
                                        Lives:  0   Deaths: 0

rFire  . . .     SeeInvis +       - Unarmed
rCold  . . .     Clarity  .     (armour unavailable)
rNeg   . . .     SustAb   .     (shield unavailable)
rPois  .         Gourm    .     (helmet unavailable)
rElec  .         Spirit   .     (cloak unavailable)
rCorr  .         Warding  .     (gloves unavailable)
rMut   .         Stasis   .     (boots unavailable)
MR     .....                    (no amulet)
Stlth  ++........               (no ring)
                                (no ring)

@: appendage (expiring), quick, not resistant to hostile enchantments,
unstealthy
A: no armour, no weapons or thrown items, claws 1, fangs 3, horns 2, see
invisible, carnivore 3, speed 1, shaggy fur 1, slow metabolism 1, sharp paws
a: End Transformation


You were on level 1 of the Dungeon.
You were not hungry.
You had grown temporary horns.
You visited 1 branch of the dungeon, and saw 1 of its levels.


Innate Abilities, Weirdness & Mutations

You cannot wear armour.
You are incapable of wielding weapons or throwing items.
You have sharp claws.
You have razor-sharp teeth.
You have supernaturally acute eyesight.
You are carnivorous and can eat meat at any time.
You cover ground quickly.
You are covered in fur (AC +1).
You have a slow metabolism.
Your sharp claws are effective at attacking unaware monsters.
You have a pair of horns on your head.


   Skills:
 - Level 1.0 Fighting
 - Level 2.6 Dodging
 + Level 3.1 Unarmed Combat
 - Level 2.0 Spellcasting
 - Level 2.1 Transmutations


You had 3 spell levels left.
You knew the following spells:

 Your Spells              Type           Power        Failure   Level  Hunger
z - Beastly Appendage     Trmt           #.....       12%         1    ##.....


Dungeon Overview and Level Annotations

Branches:
Dungeon (1/15)

Altars:

Inventory:

Missiles
 a - 12 arrows
Scrolls
 d - a scroll of noise {unknown}
Books
 b - a book of Changes
Comestibles
 c - a meat ration

... ... ###.# #
#.#.# ..#
##.#.#.###.###
#.............
#hh...hh.......
......###h###.###
## ..# #@# ....
..##
#..#.#.###.###....
#..........(..#
#######.......#
####..######
##....#<...##
##.....#.....##
#.....###.....#
##.....# #.....##


You could see 3 jackals.


Message History

Welcome, Sixotanaka the Felid Transmuter.
The bosom of this dungeon contains the fabled artefact, the Orb of Zot.
Found a staircase leading out of the dungeon.
Casting: Beastly Appendage You don't know that spell.
Found a mace.
Found a scroll labeled LAENOA XOFU.
d - a scroll labeled LAENOA XOFU
Found 19 stones.
You can't grasp things well enough to throw them.
A jackal comes into view.
The jackal barks!
A jackal comes into view. 2 jackals come into view.
The jackal barks!
The jackal moves out of view.
Found 14 gold pieces.
Casting: Beastly Appendage You grow a pair of large bovine horns.
The jackal barely misses you.
You closely miss the jackal.
The jackal barks!
You bite the jackal. The jackal barely misses you.
You closely miss the jackal. The jackal bites you.
You scratch the jackal.
The jackal begins to bleed from its wounds!
The jackal misses you. The jackal closely misses you.
A rat comes into view.
The jackal barks!
You scratch the jackal but do no damage.
The jackal barely misses you.
You scratch the jackal.
You headbutt the jackal, but do no damage.
The jackal bites you.
You scratch the jackal.
You kill the jackal!
Your transformation is almost over.
The rat bites you. The jackal bites you.
* * * LOW HITPOINT WARNING * * *
You scratch the rat.
You kill the rat!
The jackal completely misses you.
You scratch the jackal.
The jackal begins to bleed from its wounds!
The jackal bites you.
You die...

Action                   || total
-------------------------++-------
Melee: Unarmed           ||     8
 Cast: Beastly Appendage ||     1

Vault maps used:
D:1:      minmay_arrival_loop, minmay_misc_feat_nine_boxes

Notes
Turn   | Place    | Note
--------------------------------------------------------------
     0 | D:1      | Sixotanaka, the Felid Transmuter, began the quest for the Orb.
     0 | D:1      | Reached XP level 1. HP: 9/9 MP: 4/4
    45 | D:1      | Slain by a jackal

Vanquished Creatures
  A jackal (D:1)
  A rat (D:1)
2 creatures vanquished.
